 Dungeon Crawl Stone Soup version 0.21.1-1-g345015f (webtiles) character file.

106 xccam the Chopper (level 5, -4/41 HPs)
             Began as a Formicid Abyssal Knight on Feb 15, 2018.
             Was a Believer of Lugonu.
             Slain by an iguana (11 damage)
             ... on level 3 of the Dungeon.
             The game lasted 00:09:48 (2165 turns).

xccam the Chopper (Formicid Abyssal Knight)         Turns: 2165, Time: 00:09:48

Health: -4/41      AC:  5    Str: 16    XL:     5   Next: 10%
Magic:  5/6        EV: 10    Int: 12    God:    Lugonu [**....]
Gold:   117        SH:  0    Dex: 11    Spells: 4/4 levels left

rFire    . . .     SeeInvis +   a - +1 hand axe
rCold    . . .     Gourm    .   (no shield)
rNeg     . . .     Faith    .   i - +0 ring mail
rPois    .         Spirit   .   (helmet unavailable)
rElec    .         Reflect  .   (no cloak)
rCorr    .         Harm     .   (no gloves)
MR       .....                  (no boots)
Stlth    +.........             (no amulet)
HPRegen  0.13/turn              (no ring)
MPRegen  0.10/turn              (no ring)

@: no status effects
A: permanent stasis, dig shafts and tunnels, four strong arms, antennae 3
a: Dig, Shaft Self, Depart the Abyss, Bend Space, Renounce Religion


You were on level 3 of the Dungeon.
You worshipped Lugonu.
Lugonu was pleased with you.
You were not hungry.

You visited 1 branch of the dungeon, and saw 3 of its levels.
You visited the Abyss 1 time.

You collected 117 gold pieces.

Inventory:

Hand Weapons
 a - a +1 hand axe (weapon)
Armour
 i - a +0 ring mail (worn)
Wands
 e - a wand of disintegration (15)
 g - a wand of flame (20)
Scrolls
 b - 2 scrolls of teleportation
 d - a scroll of enchant weapon {unknown}
 f - 2 scrolls of immolation
 h - a scroll of remove curse
 j - a scroll of amnesia {unknown}
 k - a scroll of blinking {unknown}
 l - a scroll of identify {unknown}
 m - a scroll of magic mapping {unknown}
Potions
 n - a potion of ambrosia {unknown}
Comestibles
 c - 6 rations


   Skills:
 - Level 3.2 Fighting
 + Level 4.9 Axes
 - Level 2.1 Armour
 - Level 0.8 Dodging
 - Level 2.1 Invocations


You had 4 spell levels left.
You didn't know any spells.

Dungeon Overview and Level Annotations

Branches:
Dungeon (3/15)

Altars:
Ashenzari
Trog


Innate Abilities, Weirdness & Mutations

You cannot be hasted, slowed, berserked, paralysed or teleported.
You can dig through walls and to a lower floor.
Your four strong arms can wield two-handed weapons with a shield.
You have a pair of large antennae on your head. (SInv)


Message History

You are too injured to fight recklessly!
You hit the iguana but do no damage.
The iguana is heavily wounded.
The iguana bites you. x2
* * * LOW HITPOINT WARNING * * *
You hit the iguana but do no damage.
The iguana is heavily wounded.
The iguana bites you but does no damage.
You hit the iguana.
The iguana is severely wounded.
The iguana bites you.
* * * LOW HITPOINT WARNING * * *
A ball python comes into view.
Space bends around you!
You blink.
A giant cockroach comes into view.
The ball python hisses angrily.
You hit the iguana.
The iguana is almost dead.
The iguana bites you!
You die...

#.....### .. #.#.#.# #
##.# #.#.#.### .....
#.#.#....
#..(######.#+#####
..........)..## #
#.#######.....### ##.###
##.......##
#####@l..###..)......#
...sS......).+.........+
..#####..ยง.###.........#
##.#.# ##.......## ###.#
##...<.## #.# ##...## #.#
##+## #># #.# #.# #.#####


You could see an iguana, a giant cockroach and a ball python.

Vanquished Creatures
  3 adders (D:2)
  2 oozes (D:1)
  2 worms (D:2)
  A dart slug (D:1)
  2 leopard geckos
  6 bats
  2 giant cockroaches (D:2)
  5 goblins
  9 hobgoblins
  5 jackals
  A quokka (D:2)
  A ball python (D:2)
  6 frilled lizards
  7 kobolds
  7 rats
59 creatures vanquished.

Vanquished Creatures (others)
  A goblin (D:1)
1 creature vanquished.

Grand Total: 60 creatures vanquished

Notes
Turn   | Place    | Note
-------+----------+-------------------------------------------
     0 | Abyss:1  | xccam the Formicid Abyssal Knight began the quest for the Orb.
     0 | Abyss:1  | Reached XP level 1. HP: 18/18 MP: 2/2
    71 | Abyss:1  | Noticed an orb spider
    98 | Abyss:1  | Noticed a large abomination
    98 | D:1      | Escaped the Abyss
   112 | D:1      | Reached XP level 2. HP: 21/24 MP: 3/3
   149 | D:1      | Reached skill level 3 in Axes
   278 | D:1      | Reached XP level 3. HP: 22/29 MP: 4/4
   615 | D:1      | Found a shattered altar of Ashenzari.
   906 | D:1      | Reached ** piety under Lugonu
  1042 | D:2      | Reached skill level 4 in Axes
  1042 | D:2      | Reached XP level 4. HP: 27/35 MP: 5/5
  1206 | D:2      | Found a bloodstained altar of Trog.
  1669 | D:2      | Reached XP level 5. HP: 30/41 MP: 6/6
  2165 | D:3      | Slain by an iguana

Skill      XL: |  1  2  3 |
---------------+----------+-----
Axes           | 3 4 |  4.9
Fighting       | |  3.2
Armour         | |  2.1
Dodging        | |  0.8
Invocations    | |  2.1

Action                   |  1- 3 |  4- 6 || total
-------------------------+-------+-------++-------
Melee: Hand axe          |    97 |   105 ||   202
Invok: Bend Space        |       |     1 ||     1
  Use: Potion            |       |     2 ||     2
       Scroll            |       |     3 ||     3
  Eat: Chunk             |       |     4 ||     4
Armor: Leather armour    |    25 |       ||    25
       Ring mail         |     4 |    40 ||    44
Dodge: Dodged            |    59 |    40 ||    99
